 Dungeon Crawl Stone Soup version 0.18-a0-1730-g73f0523 (webtiles) character file.

13403 Chiseanne the Fighter (level 11, 0/169 HPs)
             Began as a Troll Monk on Apr 10, 2016.
             Was a High Priest of Kikubaaqudgha.
             Slain by a fire elemental (6 damage)
             ... led by Azrael
             ... on level 12 of the Dungeon.
             The game lasted 00:41:40 (9418 turns).

Chiseanne the Fighter (Troll Monk)                  Turns: 9418, Time: 00:41:41

Health: 0/169      AC: 29    Str: 21    XL:     11   Next: 75%
Magic:  5/15       EV:  1    Int:  7    God:    Kikubaaqudgha [*****.]
Gold:   678        SH:  0    Dex: 14    Spells: 2 memorised, 12 levels left

rFire  + . .     SeeInvis .       - Unarmed
rCold  + + .     Gourm    +     (armour currently unavailable)
rNeg   + + +     Faith    .     (no shield)
rPois  +         Spirit   .     (helmet currently unavailable)
rElec  +         Dismiss  .     (cloak currently unavailable)
rCorr  +         Reflect  .     (gloves unavailable)
SustAt .         Harm     .     (boots unavailable)
MR     .....     NoTele   +     (no amulet)
Stlth  ++........               E - ring of protection from cold
                                U - +4 ring of protection

@: tree-form (expiring), resistant, very slightly contaminated, invisible, not
resistant to hostile enchantments, unstealthy
A: unfitting armour, (claws 0), fast metabolism 3, gourmand, regeneration 2,
(shaggy fur 0), (tough skin 0)
a: Receive Corpses, Torment, Renounce Religion


You were on level 12 of the Dungeon.
You worshipped Kikubaaqudgha.
Kikubaaqudgha was extremely pleased with you.
You were near starving.
You were a tree.
You visited 2 branches of the dungeon, and saw 13 of its levels.

You collected 678 gold pieces.

Inventory:

Hand Weapons
 a - a +3 giant spiked club
 s - a +3 trident of venom
 P - a +2 scimitar of flaming
Missiles
 q - 61 poisoned needles
 C - 7 curare-tipped needles
 Q - 4 tomahawks (quivered)
 T - a poisoned javelin
Armour
 A - a troll hide
 F - the +1 robe "Xoilitoj" (melded) {rPois Dex+3}
   (You found it on level 5 of the Dungeon)

   It affects your dexterity (+3).
   It protects you from poison.
 L - a +0 shield
Magical Staves
 d - an uncursed staff of air
Jewellery
 g - an uncursed ring of poison resistance
 n - an uncursed ring of see invisible
 y - an uncursed ring of protection from magic
 E - a ring of protection from cold (right branch)
 J - a +6 ring of intelligence
 U - a +4 ring of protection (left branch)
Wands
 i - a wand of lightning (4/15)
 l - a wand of acid (9/15)
 B - a wand of iceblast (0/15)
 I - a wand of disintegration (8/24)
 O - a wand of lightning (6/15)
 S - a wand of teleportation (6/9)
Scrolls
 h - 8 scrolls of remove curse
 D - 2 scrolls of teleportation
 G - a scroll of enchant armour
 N - 2 scrolls of identify
 R - a scroll of silence
 X - a scroll of magic mapping
Potions
 f - a potion of brilliance
 k - 4 potions of magic
 m - 2 potions of flight
 u - a potion of lignification
 w - a potion of haste
 K - a potion of ambrosia
Books
 e - Kikubaaqudgha's Tome of Dark Magic {god gift}
   (Kikubaaqudgha gifted it to you on level 5 of the Dungeon)

   Spells                             Type                      Level
   a - Animate Skeleton               Necromancy                   1
   b - Corpse Rot                     Necromancy                   2
   c - Sublimation of Blood           Necromancy                   2
   d - Vampiric Draining              Necromancy                   3
   e - Control Undead                 Necromancy                   4
 H - a book of Annihilations

   Spells                             Type                      Level
   a - Poison Arrow                   Conjuration/Poison           6
   b - Chain Lightning                Conjuration/Air              8
   c - Lehudib's Crystal Spear        Conjuration/Earth            8
   d - Glaciate                       Conjuration/Ice              9
   e - Fire Storm                     Conjuration/Fire             9
 M - Kikubaaqudgha's Collected Works on Necromancy {god gift}
   (Kikubaaqudgha gifted it to you on level 7 of the Dungeon)

   Spells                             Type                      Level
   a - Agony                          Necromancy                   5
   b - Cigotuvi's Embrace             Necromancy                   5
   c - Dispel Undead                  Necromancy                   5
   d - Simulacrum                     Ice/Necromancy               6
   e - Death Channel                  Necromancy                   6
Comestibles
 b - 10 bread rations
 c - 10 meat rations
 j - 6 beef jerkies
 p - 6 slices of pizza
 t - 7 fruits
 x - 14 royal jellies


   Skills:
 * Level 8.5 Fighting
 * Level 5.3 Maces & Flails
 - Level 6.2 Throwing
 * Level 8.3 Dodging
 - Level 1.1 Stealth
 - Level 7.6 Unarmed Combat
 * Level 3.4 Spellcasting
 * Level 4.3 Necromancy


You had 12 spell levels left.
You knew the following spells:

 Your Spells              Type           Power        Failure   Level  Hunger
a - Animate Skeleton      Necr           N/A          8%          1    ##.....
b - Vampiric Draining     Necr           #.........   17%         3    ####...


Dungeon Overview and Level Annotations

Branches:
Dungeon (12/15)            Temple (1/1) D:5            Lair (0/8) D:10
    Orc: D:9-12

Altars:
Ashenzari
Cheibriados
Dithmenos
Elyvilon
Fedhas
Gozag
Kikubaaqudgha
Makhleb
Nemelex Xobeh
Okawaru
Pakellas
Qazlal
Ru
Sif Muna
Trog
Vehumet
Xom
Yredelemnul
Zin
The Shining One

Shops:
D:7 }


Innate Abilities, Weirdness & Mutations

You are too large for most types of armour.
((You have claws for hands.))
Your metabolism is lightning-fast.
You like to eat raw meat.
You heal very quickly.
((You are covered in fur (AC +1).))
((You have very tough skin (AC +2).))


Message History

The fire elemental is heavily damaged.
The hell hound bites you but does no damage.
The fire elemental hits you. The fire elemental burns you! You resist.
* * * LOW HITPOINT WARNING * * *
The phantom hits you but does no damage.
The hell hound bites you but does no damage.
You closely miss the fire elemental.
Your transformation is almost over.
The fire elemental completely misses you.
The hell hound barely misses you. The fire elemental hits you.
The fire elemental burns you! You resist.
* * * LOW HITPOINT WARNING * * *
The fire elemental hits you.
You smack the fire elemental!
The fire elemental is moderately damaged.
The hell hound bites you but does no damage.
The phantom hits you but does no damage.
The fire elemental hits you. The fire elemental burns you! You resist.
You die...
Kikubaaqudgha rasps: "You have failed me!
Welcome... death!"

...............
#.............#
#..########...# #..#
#.......# #..# #.###..##
##.#######§.####.###..##
..§§..(§§...............
##.###§##..>..##.###....
#...EE♣hh.......##.....
#..##W##........###....
#§§##c##..(..........#.
#...Z..................
.....##...#...........
#.......................
#...>#..#..............#
.....#..#..##.#.........
.......<......#.........


You could see a phantom, 2 fire elementals, 2 hell hounds, a centaur and a hill
giant zombie (wandering).

Vanquished Creatures
  Azrael (D:12)
  Erica (D:8)
  A hill giant (D:11)
  Pikel (D:5)
  The ghost of slayr the Covert, a novice FeSu of Dithmenos (D:10)
  A gargoyle (D:10)
  A kobold demonologist (D:11)
  A troll (D:10)
  3 two-headed ogres (D:9)
  Eustachio (D:4)
  8 yaks
  A hungry ghost (D:12)
  3 hippogriffs
  A fire elemental (D:12)
  Menkaure (D:5)
  4 orc warriors
  A water moccasin (D:8)
  5 ice beasts
  A black bear (D:6)
  A phantom (D:9)
  A necrophage (D:9)
  5 sky beasts
  6 centaurs
  5 wolves (D:10)
  5 ogres
  A crocodile (D:8)
  5 giant frogs
  A gnoll sergeant (D:7)
  A wyvern skeleton (D:11)
  7 scorpions
  17 killer bees
  A howler monkey (D:11)
  3 crimson imps
  4 jellies
  A centaur zombie (D:6)
  3 giant frog zombies
  A giant frog skeleton (D:8)
  4 hounds
  9 orc priests
  A centaur skeleton (D:6)
  4 iguanas
  A gnoll shaman (D:9)
  9 orc wizards
  4 worker ants
  A killer bee zombie (D:6)
  A hound skeleton (D:7)
  11 adders
  13 gnolls
  5 shadow imps
  3 oozes (D:10)
  3 adder skeletons
  2 adder zombies (D:6)
  3 worms
  3 dart slugs (D:1)
  A giant gecko (D:1)
  27 orcs
  5 giant cockroaches
  6 goblins
  12 hobgoblins
  20 jackals
  7 kobolds
  3 quokkas
  8 bats
  3 giant newts
  39 rats
313 creatures vanquished.

Vanquished Creatures (collateral kills)
  An ugly thing (D:11)
  A shadow (D:11)
  A wyvern (D:10)
  A yak (D:11)
  A water moccasin (D:10)
  A black bear (D:10)
  A sky beast (D:11)
  A phantom (D:11)
  An ogre (D:11)
  A big kobold (D:10)
  A giant frog (D:10)
  A killer bee (D:10)
  A crimson imp (D:11)
  A hound (D:10)
  An orc wizard (D:11)
  A jelly (D:10)
  A worker ant (D:10)
  2 oozes (D:10)
  6 orcs (D:11)
25 creatures vanquished.

Vanquished Creatures (others)
  2 centaurs (D:12)
2 creatures vanquished.

Grand Total: 340 creatures vanquished

Notes
Turn   | Place    | Note
--------------------------------------------------------------
     0 | D:1      | Chiseanne the Troll Monk began the quest for the Orb.
     0 | D:1      | Reached XP level 1. HP: 22/22 MP: 0/0
   267 | D:1      | Reached XP level 2. HP: 29/29 MP: 1/1
   708 | D:1      | Reached XP level 3. HP: 29/36 MP: 2/2
   918 | D:2      | Reached XP level 4. HP: 45/45 MP: 3/3
  1019 | D:2      | Found a faded altar to an unknown god.
  1448 | D:3      | Reached XP level 5. HP: 41/53 MP: 4/4
  1827 | D:3      | Reached skill level 1 in Throwing
  2124 | D:4      | Noticed Eustachio
  2148 | D:4      | Killed Eustachio
  2148 | D:4      | Reached skill level 5 in Unarmed Combat
  2148 | D:4      | Reached XP level 6. HP: 27/62 MP: 5/5
  2837 | D:5      | Entered Level 5 of the Dungeon
  2894 | D:5      | Reached XP level 7. HP: 67/70 MP: 6/6
  2966 | D:5      | Noticed Menkaure
  2967 | D:5      | Found an ancient bone altar of Kikubaaqudgha.
  2972 | D:5      | Killed Menkaure
  3005 | D:5      | Became a worshipper of Kikubaaqudgha
  3005 | D:5      | Reached * piety under Kikubaaqudgha
  3005 | D:5      | Received a gift from Kikubaaqudgha
  3005 | D:5      | Reached ** piety under Kikubaaqudgha
  3006 | D:5      | Identified Kikubaaqudgha's Tome of Dark Magic {god gift} (Kikubaaqudgha gifted it to you on level 5 of the Dungeon)
  3009 | D:5      | Learned a level 1 spell: Animate Skeleton
  3030 | D:5      | Found an oddly glowing altar of Pakellas.
  3196 | D:5      | Found a staircase to the Ecumenical Temple.
  3217 | D:5      | Got a sheer robe
  3222 | Temple   | Entered the Ecumenical Temple
  3236 | Temple   | Identified the +1 robe "Xoilitoj" {rPois Dex+3} (You found it on level 5 of the Dungeon)
  3927 | D:5      | Noticed Pikel
  3946 | D:5      | Killed Pikel
  3946 | D:5      | Reached skill level 5 in Fighting
  3946 | D:5      | Reached skill level 5 in Dodging
  3946 | D:5      | Reached XP level 8. HP: 78/80 MP: 7/7
  4338 | D:6      | Found a sacrificial altar of Ru.
  4782 | D:6      | Reached XP level 9. HP: 89/89 MP: 8/8
  4850 | D:6      | Reached skill level 5 in Throwing
  5117 | D:7      | Found Tarisur's Gadget Emporium.
  5348 | D:7      | Reached *** piety under Kikubaaqudgha
  5348 | D:7      | Received a gift from Kikubaaqudgha
  5371 | D:7      | Identified Kikubaaqudgha's Collected Works on Necromancy {god gift} (Kikubaaqudgha gifted it to you on level 7 of the Dungeon)
  5675 | D:7      | Found a sparkling altar of Nemelex Xobeh.
  6243 | D:8      | Noticed Erica
  6252 | D:8      | Killed Erica
  6252 | D:8      | Reached XP level 10. HP: 76/100 MP: 9/9
  6565 | D:9      | Found a bloodstained altar of Trog.
  6565 | D:9      | Found a deep blue altar of Sif Muna.
  6565 | D:9      | Found a white marble altar of Elyvilon.
  6565 | D:9      | Found a glowing silver altar of Zin.
  6586 | D:9      | Found a snail-covered altar of Cheibriados.
  6586 | D:9      | Found a radiant altar of Vehumet.
  6859 | D:9      | Reached skill level 1 in Necromancy
  6965 | D:9      | Reached **** piety under Kikubaaqudgha
  7062 | D:9      | Reached skill level 1 in Spellcasting
  7473 | D:10     | Entered Level 10 of the Dungeon
  7475 | D:10     | Found a staircase to the Lair.
  7517 | D:10     | Noticed slayr's ghost (novice FeSu)
  7612 | D:10     | Learned a level 3 spell: Vampiric Draining
  7678 | D:10     | Noticed a gargoyle
  7706 | D:10     | Killed a gargoyle
  7725 | D:10     | Killed slayr's ghost
  7792 | D:10     | Reached XP level 11. HP: 111/111 MP: 13/13
  7919 | D:10     | Found a sacrificial altar of Ru.
  8242 | D:11     | Noticed a hill giant
  8249 | D:11     | Reached ***** piety under Kikubaaqudgha
  8264 | D:11     | Killed a hill giant
  9074 | D:12     | Noticed a green ugly thing
  9097 | D:11     | Killed a green ugly thing
  9097 | D:11     | Reached skill level 5 in Maces & Flails
  9367 | D:12     | Noticed Azrael
  9379 | D:12     | HP: 2/113 [Azrael/fireball (6)]
  9388 | D:12     | HP: 8/169 [hell hound[Azrael] (4)]
  9397 | D:12     | HP: 8/169 [hell hound[Azrael] (2)]
  9401 | D:12     | HP: 2/169 [hell hound[Azrael] (3)]
  9404 | D:12     | Killed Azrael
  9412 | D:12     | HP: 5/169 [fire elemental[Azrael] (4)]
  9413 | D:12     | HP: 1/169 [fire elemental[Azrael] (5)]
  9418 | D:12     | Slain by a fire elemental

Vault maps used:
D:1:      lightli_arrival_windingriver, nrook_mini_vaults
D:2:      ecumenical_altar_2, grunt_decor_mini_mirrors,
          minmay_item_behind_shaft, kennysheep_cross_bottleneck
D:3:      minmay_rats_cheesy_pizza
D:4:      minmay_goblin_kobold_house, uniq_eustachio
D:5:      nicolae_overflow_crystal_walls, kiku_gazebo_pond_becter,
          minmay_temple_entry_crystal_x, first_bread, uniq_menkaure, uniq_pikel
D:6:      black_bear_nest_1, lemuel_coloured_pillars_altar
D:7:      serial_shops, nicolae_shop_waterfront, nemelex_diamond_rough_becter
D:8:      serial_aquarium, aquarium_bridge_straight, aquarium_window_fake,
          aquarium_window_corridor_3, aquarium_window_fake,
          aquarium_window_fake, aquarium_view_2d, aquarium_view_2b, uniq_erica
D:9:      minmay_overflow_temple_hex
D:10:     erik_lair_island, hangedman_little_slice_of_home, minivault_24,
          nicolae_ru_sacrificial_ziggurat
D:11:     eino_small_chamber_without_monster, hangedman_abyss_or_decor_slice
D:12:     minmay_expanding_squares, zombieorc1_lemuel, basic_altar, uniq_azrael,
          uniq_sonja, uniq_fannar
Temple:   triangle_lava_temple_11

Skill      XL: |  1  2  3  4  5  6  7  8  9 10 11 |
---------------+----------------------------------+-----
Dodging        | 3 4 5 6 7 8 |  8.3
Fighting       | 3 4 5 6 7 8 |  8.5
Throwing       | 1 2 4 6 |  6.2
Unarmed Combat | 5 6 7 |  7.6
Maces & Flails | 2 4 5 |  5.3
Necromancy     | 3 4 |  4.3
Spellcasting   | 2 3 |  3.4
Stealth        | |  1.1

Action                   |  1- 3 |  4- 6 |  7- 9 | 10-12 || total
-------------------------+-------+-------+-------+-------++-------
Melee: Unarmed           |    58 |   236 |   246 |   521 ||  1061
Throw: Javelin           |       |     2 |     9 |     3 ||    14
       Tomahawk          |       |       |       |    26 ||    26
 Cast: Animate Skeleton  |       |       |       |    33 ||    33
       Vampiric Draining |       |       |       |    12 ||    12
Evoke: Wand              |       |       |    10 |     2 ||    12
  Use: Scroll            |     7 |    10 |    10 |     5 ||    32
       Potion            |       |     2 |     6 |     9 ||    17
 Stab: Sleeping          |     4 |     4 |     1 |     2 ||    11
       Invisible         |       |       |     4 |     2 ||     6
       Distracted        |       |       |       |     2 ||     2
  Eat: Chunk             |    14 |    19 |    30 |    32 ||    95
